Map: Nightshade LE

Players

Bandaliero - Winner!

  • Race: Terran Terran
  • League: Platinum
  • Spawn Location: 11:00

prospeKt

  • Race: Zerg Zerg
  • League: Platinum
  • Spawn Location: 5:00

VOD

Have the link to the VOD?

Description

Time

  • Played on: May 27, 2020, 8:46 a.m.
  • Length: 19:35
Show
View Real Time Build Order
Export as new Build Order

Bandaliero Terran - Winner!

Build Orders:  

Get SALT Encoding   

  12  0:02  SCV  
  13  0:14  SCV  
  13  0:19  Supply Depot  
  14  0:26  SCV  
  15  0:40  SCV  
  16  0:43  Barracks  
  16  0:52  Refinery  
  16  0:53  SCV  
  17  1:05  SCV  
  18  1:17  SCV  
  19  1:29  Orbital Command  
  19  1:37  Barracks Reactor  
  19  1:43  Command Center  
  19  1:50  Supply Depot  
  19  2:03  SCV  
  19  2:05  Bunker  
  20  2:13  Marine x2  
  22  2:16  SCV  
  23  2:24  Factory  
  23  2:28  SCV  
  24  2:31  Marine x2  
  26  2:40  SCV  
  26  2:41  Refinery  
  27  2:51  Marine  
  27  2:52  SCV, Marine  
  30  3:04  SCV  
  31  3:08  Starport  
  31  3:12  Orbital Command  
  31  3:16  SCV  
  32  3:23  Barracks Tech Lab  
  32  3:27  Hellion x2  
  32  3:28  SCV  
  37  3:40  SCV  
  38  3:41  SCV  
  39  3:52  SCV, Engineering Bay  
  39  3:53  SCV  
  41  4:00  Hellion x2  
  41  4:02  Supply Depot  
  45  4:04  SCV  
  46  4:13  Supply Depot  
  46  4:19  Terran Infantry Weapons Level 1  
  46  4:23  Viking, SCV x2  
  50  4:26  Stimpack  
  50  4:32  Factory Tech Lab  
  50  4:33  Barracks  
  50  4:35  SCV, Supply Depot  
  51  4:43  SCV  
  51  4:44  Supply Depot  
  52  4:47  SCV  
  53  4:55  SCV  
  53  4:57  Starport Reactor  
  55  5:00  SCV  
  55  5:01  Barracks  
  55  5:07  SCV, Supply Depot  
  55  5:11  Siege Tank  
  55  5:12  SCV  
  60  5:16  Missile Turret  
  60  5:19  SCV  
  60  5:20  Missile Turret  
  61  5:22  Refinery  
  61  5:24  SCV  
  61  5:25  Refinery  
  62  5:31  SCV  
  63  5:35  Marine x2  
  63  5:37  Marine  
  66  5:45  Siege Tank  
  66  5:48  Starport Reactor  
  69  5:50  SCV x2  
  71  5:59  Supply Depot x2  
  71  6:05  Combat Shield  
  71  6:08  Marine x5  
  76  6:13  Terran Infantry Armor Level 1  
  76  6:17  Siege Tank  
  79  6:25  Marine  
  79  6:26  Marine x4  
  79  6:29  Medivac  
  79  6:31  Medivac  
  88  6:43  Marine  
  88  6:44  Marine x4  
  93  6:49  Siege Tank  
  94  7:01  Marine x2  
  94  7:05  Barracks  
  94  7:06  Barracks  
  94  7:08  Barracks  
  96  7:10  Command Center  
  96  7:11  Liberator  
  99  7:37  Marine  
  99  7:38  Marine x2  
  99  7:39  Supply Depot  
  99  7:43  Supply Depot  
  99  7:44  Supply Depot  
  102  8:00  Marine  
  102  8:01  SCV x2, Siege Tank  
  101  8:08  Marine x7  
  91  8:13  SCV  
  91  8:18  Marine  
  89  8:26  Marine  
  90  8:29  Marine  
  90  8:30  Barracks Reactor  
  90  8:31  Barracks Reactor x2  
  90  8:32  Marine  
  90  8:33  Marine  
  96  8:34  Medivac, Siege Tank  
  96  8:35  Medivac  
  96  8:36  Marine  
  101  8:43  Marine  
  101  8:47  Marine  
  102  9:13  Marine  
  102  9:14  Marine x10  
  113  9:22  Orbital Command  
  113  9:25  SCV x2  
  113  9:26  Refinery  
  113  9:29  Supply Depot  
  113  9:31  Marine x5  
  115  9:32  Marine x6  
  115  9:35  Siege Tank  
  115  9:37  SCV x2  
  131  9:48  SCV  
  131  9:49  SCV x2, Marine x3  
  134  9:55  Supply Depot  
  134  10:01  SCV x2  
  134  10:06  Engineering Bay  
  136  10:07  Armory  
  136  10:13  SCV x2  
  138  10:17  Supply Depot  
  138  10:25  SCV x2  
  127  10:40  Supply Depot  
  127  10:41  Marine  
  127  10:42  Marine x10  
  134  10:44  SCV x3  
  134  10:49  Refinery  
  138  10:54  Supply Depot  
  138  10:59  Terran Infantry Armor Level 2, Marine, Terran Infantry Weapons Level 2  
  138  11:00  Marine x10, Factory  
  138  11:01  Terran Vehicle Weapons Level 1  
  138  11:02  Starport  
  138  11:03  Supply Depot  
  149  11:12  Liberator, Siege Tank  
  149  11:13  Liberator  
  149  11:17  Marine  
  149  11:18  Marine x3  
  157  11:38  Marine x6  
  157  11:39  Marine x5  
  167  11:44  Starport Reactor, Siege Tank  
  167  11:45  Factory Reactor  
  170  11:48  Factory Tech Lab  
  170  11:52  SCV  
  170  11:53  SCV  
  172  11:56  Marine x11  
  178  12:08  Command Center  
  178  12:10  Command Center  
  178  12:13  Marine  
  178  12:14  Marine x8  
  184  12:41  Supply Depot  
  184  12:47  Supply Depot, Marine  
  184  12:49  Marine x4  
  189  13:02  Siege Tank, Marine x2, Liberator  
  197  13:08  Marine x3  
  200  13:15  Terran Vehicle And Ship Armor Level 1  
  200  13:20  Armory  
  200  13:21  Armory  
  200  13:22  Liberator  
  200  14:02  Marine  
  200  14:03  Marine x4  
  200  14:04  Marine  
  198  14:10  Marine  
  198  14:11  Marine  
  198  14:16  Planetary Fortress  
  200  14:21  Refinery  
  200  14:32  Starport  
  200  14:34  Starport  
  200  14:35  Fusion Core, Starport  
  200  14:37  Starport  
  200  14:38  Terran Vehicle Weapons Level 2, Terran Infantry Weapons Level 3, Refinery, Terran Infantry Armor Level 3  
  200  14:40  Terran Ship Weapons Level 1  
  198  14:55  Siege Tank  
  193  15:07  Siege Tank  
  196  15:19  Marine x2  
  196  15:20  Marine  
  199  15:27  Siege Tank  
  167  15:41  Terran Vehicle And Ship Armor Level 2  
  142  16:15  Marine  
  142  16:16  Marine x10  
  142  16:17  Siege Tank x2  
  159  16:21  Starport Tech Lab x2  
  159  16:25  Starport Tech Lab  
  159  16:26  Starport Tech Lab  
  159  16:33  Marine  
  159  16:34  Marine  
  161  16:45  Planetary Fortress  
  160  16:49  Refinery  
  160  16:53  Refinery  
  160  17:15  Hi-Sec Auto Tracking, Neosteel Armor  
  160  17:18  Terran Ship Weapons Level 2  
  160  17:22  Battlecruiser x4  
  184  17:28  Marine x6  
  184  17:29  Marine x2  
  191  18:09  Liberator x2  
  191  18:10  Liberator  
Show
View Real Time Build Order
Export as new Build Order

prospeKt Zerg 

Build Orders: Hatch First 

Get SALT Encoding   

  12  0:01  Drone  
  13  0:12  Overlord  
  13  0:25  Drone  
  14  0:33  Drone  
  14  0:34  Drone  
  16  0:37  Drone  
  17  0:53  Hatchery  
  17  0:56  Drone  
  17  1:00  Drone  
  18  1:14  Spawning Pool  
  18  1:16  Drone  
  18  1:19  Drone  
  19  1:30  Drone  
  20  1:32  Extractor  
  19  1:41  Drone  
  20  1:52  Drone  
  21  2:02  Drone  
  21  2:05  Queen x2  
  21  2:06  Drone  
  27  2:12  Overlord  
  27  2:21  Drone  
  28  2:28  Overlord  
  28  2:31  Drone  
  28  2:35  Drone  
  30  2:37  Drone  
  30  2:41  Queen  
  30  2:44  Lair  
  33  2:45  Drone  
  34  2:54  Drone  
  34  2:56  Drone  
  36  2:59  Drone  
  37  3:07  Overlord  
  37  3:12  Drone  
  38  3:19  Drone  
  39  3:22  Drone x3  
  39  3:23  Drone  
  39  3:25  Drone x3  
  46  3:31  Extractor x2  
  44  3:36  Roach Warren  
  44  3:38  Drone x2  
  44  3:39  Evolution Chamber  
  44  3:45  Overlord  
  44  3:46  Drone  
  45  3:56  Drone  
  46  4:05  Drone  
  46  4:06  Drone  
  48  4:11  Drone  
  48  4:15  Roach  
  48  4:16  Roach x3  
  57  4:18  Roach  
  57  4:19  Drone  
  57  4:20  Overlord x2  
  60  4:39  Roach x3  
  60  4:40  Drone  
  60  4:45  Hatchery  
  66  4:48  Roach x3  
  66  4:50  Drone x3  
  66  4:51  Overlord  
  75  5:00  Glial Reconstitution  
  75  5:02  Zerg Missile Weapons Level 1  
  75  5:09  Drone x3  
  78  5:23  Drone x6  
  78  5:24  Overlord  
  84  5:48  Overlord x2, Drone x3  
  84  5:49  Drone x2  
  89  5:57  Drone x3  
  89  5:58  Overlord  
  92  6:06  Hydralisk Den  
  91  6:11  Evolution Chamber  
  91  6:12  Drone  
  91  6:13  Drone x5  
  96  6:32  Overlord, Drone x6, Extractor  
  101  6:37  Extractor  
  97  6:57  Hydralisk x6  
  97  6:58  Overlord, Hydralisk  
  97  6:59  Hydralisk  
  113  7:14  Zerg Missile Weapons Level 2  
  113  7:15  Zerg Ground Armor Level 1  
  113  7:17  Grooved Spines  
  113  7:18  Hydralisk x2  
  113  7:19  Hydralisk x3  
  113  7:21  Hatchery  
  122  7:25  Hydralisk x3  
  128  7:38  Drone x5  
  133  7:49  Drone x5  
  138  7:53  Hatchery  
  115  8:09  Hydralisk x6  
  115  8:10  Hydralisk x3  
  115  8:12  Hydralisk x3  
  109  8:15  Hydralisk x2  
  99  8:29  Hydralisk x4  
  99  8:30  Hydralisk x2, Extractor  
  99  8:32  Extractor  
  109  8:38  Hydralisk x2  
  113  9:01  Hydralisk  
  113  9:02  Hydralisk x3  
  121  9:03  Drone x4  
  121  9:05  Overlord x2  
  121  9:07  Drone  
  126  9:16  Hydralisk x3  
  132  9:18  Drone x4  
  132  9:23  Extractor  
  135  9:27  Queen  
  131  9:53  Hydralisk  
  131  9:54  Hydralisk x8  
  131  9:56  Drone x4  
  131  9:57  Drone x4  
  157  10:15  Hatchery  
  157  10:21  Hatchery  
  122  10:28  Drone  
  122  10:29  Drone x11  
  100  10:40  Hatchery  
  100  10:42  Hydralisk x5  
  93  10:51  Hydralisk x5  
  93  10:52  Hatchery  
  102  11:02  Infestation Pit  
  101  11:05  Drone  
  101  11:06  Drone x3  
  101  11:07  Hydralisk  
  98  11:31  Hydralisk x12  
  88  11:41  Hydralisk x5  
  88  11:44  Metabolic Boost  
  94  12:04  Hydralisk x4  
  94  12:05  Zergling x2  
  94  12:06  Zergling x14  
  94  12:08  Zergling x4  
  108  12:20  Zergling x18  
  117  12:30  Zergling x8  
  117  12:31  Zergling x8  
  117  12:32  Drone  
  126  12:43  Extractor  
  125  12:47  Drone x9  
  125  12:48  Drone x2, Extractor  
  135  12:57  Hydralisk x7  
  149  13:15  Hydralisk x7  
  136  13:31  Zergling x2  
  136  13:32  Zergling x26  
  149  13:53  Zergling x22  
  149  13:54  Zergling x2  
  161  13:58  Hatchery  
  149  14:10  Roach x5  
  149  14:11  Roach x4  
  149  14:12  Roach  
  149  14:16  Zerg Ground Armor Level 2  
  169  14:35  Overlord x3  
  169  14:38  Overlord  
  169  14:44  Hive  
  148  15:11  Spire  
  148  15:13  Hydralisk x16  
  129  15:28  Hydralisk  
  129  15:29  Hydralisk x5  
  109  15:44  Zergling x16  
  109  15:45  Zergling x12  
  87  16:06  Hydralisk x9  
  85  16:26  Hydralisk x4  
  85  16:27  Hydralisk  
  93  16:33  Extractor  
  90  16:45  Hydralisk  
  90  16:46  Hydralisk x2  
  92  16:59  Hydralisk x5  
  98  17:01  Hatchery  
  78  17:21  Hydralisk x6  
  84  17:40  Mutalisk  
  84  17:41  Mutalisk x3  
  84  17:43  Mutalisk  
  92  17:51  Extractor  
  91  18:01  Mutalisk x4  
  99  18:10  Mutalisk  
  79  18:48  Zergling x24  
  75  18:52  Drone  
  75  18:53  Drone  
  50  19:28  Hatchery  
Tags
 
Add a new tag
Caveats
  • Supply blocks, unpowered buildings, or Contaminate may cause inaccurate times.
  • Supply counts are checked every 10 seconds.